 Dungeon Crawl Stone Soup version 0.18-a0-1655-ge2d8d33 (webtiles) character file.

10091 Murumi the Blocker (level 11, -14/89 HPs)
             Began as a Formicid Fighter on Mar 31, 2016.
             Was a Believer of Elyvilon.
             Killed from afar by epen's ghost (19 damage)
             ... with a bolt of negative energy
             ... on level 2 of the Lair of Beasts.
             The game lasted 01:03:01 (8444 turns).

Murumi the Blocker (Formicid Fighter)               Turns: 8444, Time: 01:03:02

Health: -14/89     AC: 19    Str: 24    XL:     11   Next: 86%
Magic:  17/17      EV: 13    Int: 10    God:    Elyvilon [**....]
Gold:   573        SH: 12    Dex: 15    Spells: 0 memorised, 10 levels left

rFire  . . .     SeeInvis +     a - +3 great sword (freeze)
rCold  . . .     Gourm    .     h - +0 plate armour
rNeg   . . .     Faith    .     c - +1 shield
rPois  .         Spirit   .     (helmet unavailable)
rElec  .         Dismiss  .     m - +0 cloak
rCorr  .         Reflect  .     s - +0 pair of gloves
SustAt .         Harm     .     t - +1 pair of boots
MR     +....                    (no amulet)
Stlth  ..........               G - +2 ring of protection
                                e - +2 ring of slaying

@: agile, heavily drained, somewhat resistant to hostile enchantments, extremely
unstealthy
A: permanent stasis, dig shafts and tunnels, four strong arms, antennae 3,
clever 1
a: Dig, Shaft Self, Lesser Healing, Heal Other, Divine Protection, Renounce
Religion


You were on level 2 of the Lair of Beasts.
You worshipped Elyvilon.
Elyvilon was pleased with you.
You were not hungry.

You visited 3 branches of the dungeon, and saw 12 of its levels.

You collected 573 gold pieces.

Inventory:

Hand Weapons
 a - a +3 great sword of freezing (weapon)
 b - a +0 arbalest
Missiles
 k - 42 bolts
Armour
 c - a +1 shield (worn)
 h - a +0 plate armour (worn)
 m - a +0 cloak (worn)
 s - a +0 pair of gloves (worn)
 t - a +1 pair of boots (worn)
Jewellery
 e - a +2 ring of slaying (left hand)
 A - an uncursed ring of protection from magic
 G - a +2 ring of protection (right hand)
Wands
 q - a wand of iceblast (5/15)
 y - a wand of disintegration (12/24)
 I - a wand of iceblast (6/15)
Scrolls
 i - 3 scrolls of fear
 n - a scroll of remove curse
 o - 3 scrolls of enchant armour
 v - 3 scrolls of magic mapping
 C - a scroll of enchant weapon
 D - a scroll of recharging
 H - a scroll of fog
Potions
 d - 2 potions of ambrosia
 g - a potion of cancellation
 l - 4 potions of lignification
 r - 2 potions of brilliance
 u - 2 potions of curing {unknown}
 w - 2 potions of cure mutation {unknown}
 z - 2 potions of flight
 B - a potion of mutation {unknown}
 E - a potion of haste {unknown}
 F - 3 potions of might
Comestibles
 f - 9 bread rations
 j - 4 meat rations


   Skills:
 - Level 9.0(6.8) Fighting
 - Level 7.1(5.0) Long Blades
 + Level 4.1(2.2) Crossbows
 - Level 8.2(6.0) Armour
 - Level 6.0(3.9) Dodging
 - Level 9.2(6.9) Shields
 - Level 9.0(6.7) Invocations


You had 10 spell levels left.
You didn't know any spells.

Dungeon Overview and Level Annotations

Branches:
Dungeon (9/15)             Temple (1/1) D:6            Lair (2/8) D:8
    Orc: D:9-12

Altars:
Ashenzari
Cheibriados
Dithmenos
Elyvilon
Fedhas
Gozag
Kikubaaqudgha
Makhleb
Okawaru
Pakellas
Qazlal
Ru
Sif Muna
Trog
Vehumet
Xom
Yredelemnul
Zin
The Shining One

Annotations:
D:5 Blork the orc
Lair:2 epen's ghost, journeyman DrMo


Innate Abilities, Weirdness & Mutations

You are under a permanent stasis effect.
You can dig through walls and to a lower floor.
Your four strong arms can wield two-handed weapons with a shield.
You have a pair of large antennae on your head (SInv).
Your mind is acute. (Int +2)


Message History

You miss epen's ghost.
Epen's ghost is severely damaged.
You block epen's ghost's attack.
Epen's ghost keens inconsolably.
You block epen's ghost's attack.
You slash epen's ghost!
Epen's ghost is almost destroyed.
Epen's ghost hits you.
You miss epen's ghost.
Epen's ghost is almost destroyed.
Epen's ghost breathes negative energy at you.
The bolt of negative energy hits you!
You feel drained.
* * * LOW HITPOINT WARNING * * *
Drink which item? (? for menu, Esc to quit)
Okay, then.
You completely miss epen's ghost.
Epen's ghost is almost destroyed.
Epen's ghost breathes negative energy at you.
The bolt of negative energy hits you!
You feel drained.
You die...

...##.# {... .. ......#
..##.##.#
..P#..######P.##...#.##
....>......... .......#
......###.#... #.#.#.#
........#..#.. #.....#
###.#....>.... #..).
###..#.#.#. ##W.#
##.#..# ###.@.#
#...######.##.##
##............#
#######.###### ###


You could see epen's ghost.

Vanquished Creatures
  Pikel (D:6)
  The ghost of Herrn the Skirmisher, a novice FoFE (D:5)
  A cyclops (D:8)
  2 spiny frogs
  The ghost of Marenglen the Digger, a novice DEEE of Sif Muna (D:4)
  Grinder (D:3)
  19 yaks
  A spriggan (D:7)
  4 hippogriffs
  Edmund (D:4)
  Duvessa (D:5)
  5 porcupines
  2 water moccasins
  2 ice beasts (D:6)
  A black bear (D:8)
  2 ogres
  3 eyes of draining (D:5)
  4 wolves (Lair:2)
  2 centaurs (D:8)
  A big kobold (D:8)
  2 crocodiles (Lair:2)
  6 giant frogs
  Dowan (D:5)
  8 wights (D:6)
  2 crimson imps
  2 wasp zombies
  A hound (D:8)
  3 orc priests
  Crazy Yiuf (D:3)
  A centaur skeleton (D:8)
  3 giant frog skeletons
  Jessica (D:3)
  Natasha (thrice) (D:2)
  2 iguanas
  4 worker ants
  5 sheep (Lair:2)
  A hound zombie (D:5)
  2 hound skeletons
  Robin (D:2)
  2 worker ant zombies (D:5)
  4 adders
  4 gnolls
  2 shadow imps
  An adder skeleton (D:5)
  2 worms (D:3)
  4 giant geckos
  13 orcs
  A ball python (D:5)
  6 bats
  6 giant cockroaches
  19 goblins
  8 hobgoblins
  9 jackals
  3 quokkas
  A giant newt (D:1)
  11 kobolds
  A quokka zombie (D:5)
  9 rats
210 creatures vanquished.

Vanquished Creatures (others)
  A worker ant zombie (D:6)
  A giant newt (D:6)
  3 fungi (Lair:2)
  4 plants (Lair:2)
9 creatures vanquished.

Grand Total: 219 creatures vanquished

Notes
Turn   | Place    | Note
--------------------------------------------------------------
     0 | D:1      | Murumi the Formicid Fighter began the quest for the Orb.
     0 | D:1      | Reached XP level 1. HP: 18/18 MP: 1/1
    52 | D:1      | Reached skill level 1 in Dodging
   180 | D:1      | Reached XP level 2. HP: 24/24 MP: 2/2
   611 | D:1      | Reached XP level 3. HP: 29/29 MP: 3/3
   827 | D:2      | Noticed Natasha
   832 | D:2      | Killed Natasha
   914 | D:2      | Noticed Natasha
   918 | D:2      | Killed Natasha
   918 | D:2      | Reached XP level 4. HP: 34/35 MP: 4/4
  1032 | D:2      | Noticed Natasha
  1093 | D:2      | HP: 1/35 [Natasha (7)]
  1098 | D:2      | Killed Natasha
  1098 | D:2      | Reached XP level 5. HP: 2/41 MP: 5/5
  1430 | D:2      | Noticed Robin
  1457 | D:2      | Killed Robin
  1700 | D:2      | Found an opulent altar of Gozag.
  1701 | D:2      | Found a glowing silver altar of Zin.
  1883 | D:3      | Reached XP level 6. HP: 30/48 MP: 6/6
  2163 | D:3      | Found an ancient bone altar of Kikubaaqudgha.
  2212 | D:3      | Noticed Jessica
  2221 | D:3      | Killed Jessica
  2221 | D:3      | Reached skill level 5 in Armour
  2473 | D:3      | Noticed Crazy Yiuf
  2473 | D:3      | Noticed Grinder
  2480 | D:3      | Killed Crazy Yiuf
  2480 | D:3      | Reached skill level 5 in Shields
  2498 | D:3      | Killed Grinder
  2498 | D:3      | Reached XP level 7. HP: 15/54 MP: 4/7
  2770 | D:3      | Found an oddly glowing altar of Pakellas.
  2770 | D:3      | Found a shadowy altar of Dithmenos.
  2845 | D:4      | Noticed Marenglen's ghost (novice DEEE)
  2916 | D:4      | Noticed Edmund
  2928 | D:4      | Killed Edmund
  3118 | D:4      | Reached XP level 8. HP: 61/61 MP: 8/8
  3149 | D:4      | Got a shimmering falchion
  3150 | D:4      | Identified the +7 falchion "Spiderbane" {freeze, rPois rN+ Str-5} (You found it on level 4 of the Dungeon)
  3180 | D:4      | Killed Marenglen's ghost
  3525 | D:5      | Entered Level 5 of the Dungeon
  3585 | D:5      | Noticed Herrn's ghost (novice FoFE)
  3863 | D:5      | Noticed Duvessa
  3865 | D:5      | Noticed Dowan
  3879 | D:5      | Killed Duvessa
  3883 | D:5      | Killed Dowan
  4018 | D:5      | Killed Herrn's ghost
  4018 | D:5      | Reached XP level 9. HP: 31/70 MP: 9/9
  4329 | D:5      | Found a bloodstained altar of Trog.
  4571 | D:5      | Noticed Blork the orc
  4577 | D:5      | Found a deep blue altar of Sif Muna.
  4922 | D:6      | Noticed Pikel
  4953 | D:6      | Killed Pikel
  4995 | D:6      | Found a staircase to the Ecumenical Temple.
  5021 | D:6      | Reached XP level 10. HP: 79/79 MP: 10/10
  5035 | Temple   | Entered the Ecumenical Temple
  5103 | Temple   | Became a worshipper of Elyvilon the Healer
  5369 | D:6      | Reached skill level 1 in Invocations
  5947 | D:7      | Reached * piety under Elyvilon
  6195 | D:8      | Noticed a cyclops
  6218 | D:8      | Reached skill level 5 in Invocations
  6227 | D:8      | Killed a cyclops
  6421 | D:8      | Found a shimmering altar of Xom.
  6421 | D:8      | Found a shimmering altar of Xom.
  6424 | D:8      | Found a shimmering altar of Xom.
  6424 | D:8      | Found a shimmering altar of Xom.
  6425 | D:8      | Found a shimmering altar of Xom.
  6425 | D:8      | Found a shimmering altar of Xom.
  6458 | D:8      | Gained mutation: Your mind is acute. (Int +2) [potion of beneficial mutation]
  6519 | D:8      | Found a staircase to the Lair.
  6860 | Lair:1   | Entered Level 1 of the Lair of Beasts
  6860 | Lair:1   | Noticed a spiny frog
  6864 | Lair:1   | Killed a spiny frog
  6925 | Lair:1   | Reached skill level 5 in Dodging
  6925 | Lair:1   | Reached XP level 11. HP: 56/84 MP: 17/17
  7093 | Lair:1   | Reached ** piety under Elyvilon
  7556 | Lair:1   | Noticed a six-headed hydra
  7562 | Lair:1   | Pacified a six-headed hydra
  7839 | Lair:2   | Noticed epen's ghost (journeyman DrMo)
  8339 | Lair:2   | Reached skill level 1 in Crossbows
  8444 | Lair:2   | Killed from afar by epen's ghost

Vault maps used:
D:1:      lightli_molten_gateway, minmay_bisected
D:2:      grunt_temple_overflow_gold_and_silver, uniq_natasha, uniq_robin
D:3:      lemuel_crystal_altar, gammafunk_temple_overflow_pools,
          uniq_crazy_yiuf_cottage, uniq_jessica, uniq_grinder
D:4:      uniq_edmund
D:5:      trog_eyes_of_draining, tgw_sif, first_bread, hangedman_decor_push,
          uniq_duvessa
D:6:      minmay_temple_entry_mist, uniq_pikel
D:7:      minivault_19, the_bakery, corner_web_ring
D:8:      minmay_diamond_stairs, nrook_loot_triangle, xom_redecorated
D:9:      nicolae_overflow_crystal_walls, special_room
Temple:   circular_temple_12
Lair:1:   minivault_24

Skill      XL: |  1  2  3  4  5  6  7  8  9 10 11 |
---------------+----------------------------------+-----
Dodging        | 1 2 3 4 5 6 |  6.0
Shields        | 4 5 7 8 9 |  9.2
Long Blades    | 3 4 6 7 |  7.1
Fighting       | 4 6 7 9 |  9.0
Armour         | 4 5 6 7 8 |  8.2
Invocations    | 8 9 |  9.0
Crossbows      | 4 |  4.1

Action                   |  1- 3 |  4- 6 |  7- 9 | 10-12 || total
-------------------------+-------+-------+-------+-------++-------
Melee: Long sword        |    59 |   180 |   254 |    21 ||   514
       Unarmed           |       |    47 |       |       ||    47
       Great sword       |       |       |       |   301 ||   301
Invok: Heal Other        |       |       |       |     3 ||     3
 Abil: Dig               |       |     5 |     6 |     4 ||    15
  Use: Scroll            |     3 |     6 |     9 |     5 ||    23
       Potion            |       |     2 |       |     5 ||     7
  Eat: Chunk             |       |     6 |     7 |     8 ||    21
       Fruit             |       |       |     1 |       ||     1
       Beef jerky        |       |       |       |     1 ||     1
       Bread ration      |       |       |       |     1 ||     1
